 Dungeon Crawl Stone Soup version 0.30.1-11-g7821555f0a (webtiles) character file.

Game seed: 4268938722794087812

87 foggymo the Firebug (level 4, 0/27 HPs)
             Began as an Octopode Fire Elementalist on Nov 18, 2023.
             Was an Initiate of Gozag.
             Slain by an adder (1 damage)
             ... on level 3 of the Dungeon.
             The game lasted 00:20:22 (1560 turns).

foggymo the Firebug (Octopode Fire Elementalist)    Turns: 1560, Time: 00:20:28

Health: 0/27       AC:  1    Str:  4 (7)  XL:     4   Next: 51%
Magic:  3/8        EV: 13    Int: 24 (25) God:    Gozag
Gold:   76         SH:  0    Dex: 12      Spells: 2/8 levels left

rFire   . . .        k - +0 sling
rCold   . . .        (no shield)
rNeg    . . .        (helmet restricted)
rPois   .            i - amulet of the acrobat
rElec   .            j - +6 ring of intelligence
rCorr   .            (no ring)
SInv    .            (no ring)
Will    .....        (no ring)
Stlth   +++          (no ring)
HPRegen 0.24/turn    (no ring)
MPRegen 0.11/turn    (no ring)
                     (no ring)

%: acrobat
@: lethally poisoned (0 -> -5), very slightly contaminated
A: almost no armour, amphibious, 8 rings, camouflage 1, gelatinous body 1,
(nimble swimmer 1), tentacles
a: Renounce Religion, Potion Petition, Call Merchant, Bribe Branch


You were on level 3 of the Dungeon.
You worshipped Gozag.
Gozag was noncommittal.
You visited 1 branch of the dungeon, and saw 3 of its levels.

You collected 97 gold pieces.
You paid 21 gold pieces to Gozag.

Inventory:

Hand Weapons
 d - a +0 club
 e - a +0 club
 h - a +0 short sword
 k - a +0 sling (weapon)
 m - a +1 dagger of venom
Missiles
 g - 20 stones
 n - 2 poisoned darts
Armour
 c - a +0 leather armour
 l - a +0 robe
Jewellery
 i - an amulet of the acrobat (around mantle)
 j - a +6 ring of intelligence (left tentacle)
Scrolls
 f - 2 scrolls of teleportation
 o - a scroll of noise {unknown}
Potions
 a - a potion of magic
 b - a potion of mutation
 p - a potion of invisibility


   Skills:
 + Level 0.3 Fighting
 + Level 0.8 Short Blades
 + Level 2.3 Dodging
 + Level 3.3 Stealth
 + Level 0.9 Unarmed Combat
 + Level 2.7 Spellcasting
 + Level 1.3 Conjurations
 + Level 0.1 Summonings
 + Level 3.6 Fire Magic


You had 2 spell levels left.
You knew the following spells:

 Your Spells              Type           Power      Damage    Failure   Level
a - Foxfire               Conj/Fire      60%        2x1d7     4%          1
b - Scorch                Fire           40%        2d6       3%          2
c - Summon Small Mammal   Summ           12%        N/A       11%         1
d - Necrotise             Necr           12%        1d4       11%         1
e - Apportation           Tloc           6%         N/A       11%         1

Your spell library contained the following spells:

 Spells                   Type           Power      Damage    Failure   Level
 Inner Flame              Hex/Fire       11%        N/A       16%         3
 Volatile Blastmotes      Fire/Tloc      22%        2d11      16%         3
 Flame Wave               Conj/Fire      15%        2d7       38%         4


Dungeon Overview and Level Annotations

Branches:
Dungeon (3/15)

Altars:
Gozag


Innate Abilities, Weirdness & Mutations

You cannot wear most types of armour.
You are amphibious.
You can wear up to eight rings at the same time.
Your skin changes colour to match your surroundings (Stealth+).
Your rubbery body absorbs attacks. (AC +1, EV +1)
((You are camouflaged when in or above water. (Stealth+)))
You have tentacles for arms and can constrict up to eight enemies at once.


Message History

The sling bullet barely misses the adder.
The adder bites you.
You are poisoned.
The adder poisons you!
You shoot a sling bullet.
The sling bullet barely misses the adder.
You feel sick. The adder barely misses you. The adder bites you.
You shoot a sling bullet.
The sling bullet closely misses the adder.
You feel sick. The adder bites you. The adder closely misses you.
You shoot a sling bullet. The sling bullet misses the adder.
You feel sick. The adder bites you.
You are more poisoned.
The adder poisons you! The adder bites you.
* * * LOW HITPOINT WARNING * * *
Aiming: Necrotise (safe; 11% risk of failure)
Press: ? - help, Q - select action, (/) - cycle Shift-Dir - straight line, f/p - adder
Aim: an adder (severely wounded, chance to affect: 52%)
The adder resists with significant effort.
* * * LOW HITPOINT WARNING * * *
You feel sick. The adder bites you.
* * * LOW HITPOINT WARNING * * *
You are more poisoned.
The adder poisons you!
Casting: Scorch (safe; 3% risk of failure)
Press: ? - help, Q - select action, (/) - cycle Dir - look around, f - activate Look: an adder (severely wounded)
You miscast Scorch.
You are very lightly contaminated with residual magic.
Nothing appears to happen.
* * * LOW HITPOINT WARNING * * *
You feel sick. The adder closely misses you.
Casting: Scorch (safe; 3% risk of failure)
Press: ? - help, Q - select action, (/) - cycle Dir - look around, f - activate Look: an adder (severely wounded)
You miscast Scorch.
Nothing appears to happen.
* * * LOW HITPOINT WARNING * * *
You feel sick. The adder bites you.
You die...
Your body crumbles into a pile of gold.

#####......#######...#
§.......§§.........#
.._..≈≈≈§..####...##
.....o...§.......######
######................######
####...................
#.............######
####..#..........†.# #######
#....#.@.########.#
#......###'##.#.S.#...<..#)#
............#.#...#....#.#.# #
#...........#.#...######.#.#.#
#...........#.#.... ...#.#.#.#
#......>....'.#..<####.#...#.#+##
#...........####.###)...........#
#................. #............#
#............#### #............#


You could see an adder.

Vanquished Creatures
  An adder (D:2)
  A worm (D:2)
  2 dart slugs (D:1)
  2 orcs (D:3)
  8 bats
  4 endoplasms (D:1)
  4 giant cockroaches
  5 goblins
  3 hobgoblins
  4 jackals (D:2)
  5 quokkas
  7 ball pythons
  2 frilled lizards
  2 kobolds (D:1)
  4 rats
54 creatures vanquished.

Vanquished Creatures (collateral kills)
  A goblin (D:3)
  A hobgoblin (D:3)
  A kobold (D:2)
  A quokka (D:3)
  A ball python (D:2)
5 creatures vanquished.

Vanquished Creatures (others)
  56 foxfires
56 creatures vanquished.

Grand Total: 115 creatures vanquished

Notes
Turn   | Place    | Note
-------+----------+-------------------------------------------
     0 | D:1      | foggymo the Octopode Fire Elementalist began the quest for
                  | the Orb.
     0 | D:1      | Reached XP level 1. HP: 11/11 MP: 3/3
    46 | D:1      | Reached XP level 2. HP: 10/17 MP: 1/5
   309 | D:1      | Reached XP level 3. HP: 21/21 MP: 2/6
   939 | D:2      | Learned a level 2 spell: Scorch
   941 | D:2      | Learned a level 1 spell: Summon Small Mammal
   943 | D:2      | Learned a level 1 spell: Necrotise
   945 | D:2      | Learned a level 1 spell: Apportation
  1026 | D:2      | Reached XP level 4. HP: 27/27 MP: 5/7
  1409 | D:3      | Found an opulent altar of Gozag.
  1432 | D:3      | Became a worshipper of Gozag Ym Sagoz the Greedy
  1560 | D:3      | HP: 1/27 [poisoned by an adder]
  1560 | D:3      | Slain by an adder

Illustrated notes

Levels and vault maps discovered:
D:1:      shiori_shiawase, layout_basic, corner_web_ring
D:2:      layout_basic, amcnicky_mini_pool_small, minmay_vboxes
D:3:      layout_basic, mainiacjoe_overflow_boulevard, grunt_decor_fettered,
          minmay_box_of_dots, uniq_natasha

Skill      XL: |  1  2  3 |
---------------+----------+-----
Stealth        | 3 |  3.3
Fighting       | |  0.3
Short Blades   | |  0.8
Dodging        | |  2.3
Unarmed Combat | |  0.9
Spellcasting   | |  2.7
Conjurations   | |  1.3
Summonings     | |  0.1
Fire Magic     | |  3.6

Action                     |  1- 3 |  4- 6 || total
---------------------------+-------+-------++-------
  Melee: Unarmed           |     8 |       ||     8
         Constrict         |     9 |     6 ||    15
         Tentacles         |     7 |     3 ||    10
         Club              |    11 |       ||    11
         Short sword       |    23 |     3 ||    26
         Dagger            |       |    23 ||    23
   Fire: Sling             |       |    16 ||    16
  Throw: Stone             |       |     3 ||     3
         Dart              |       |     2 ||     2
   Cast: Foxfire           |    39 |     1 ||    40
         Summon Small Mamm |     3 |    11 ||    14
         Scorch            |       |     8 ||     8
         Necrotise         |       |     1 ||     1
    Use: Scroll            |     4 |     2 ||     6
         Potion            |       |     4 ||     4
   Stab: Sleeping          |     4 |     2 ||     6
 Armour: Skin              |     4 |       ||     4
  Dodge: Dodged            |    32 |    30 ||    62
